Map: Eternal Empire LE

Players

LiquidMaNa (MaNa) - Winner!

  • Race: Protoss Protoss
  • League: Master
  • Spawn Location: 7:00

HeroMarine

  • Race: Terran Terran
  • Spawn Location: 1:00

Event: StayAtHomestory Cup #2

VOD

Have the link to the VOD?

Description

Time

  • Played on: June 11, 2020, 10:44 a.m.
  • Length: 12:53

All games in this series

Show
View Real Time Build Order
Export as new Build Order

LiquidMaNa Protoss - Winner!

Build Orders: 1 Gate Expand, Phoenix Opening, Colossus Rush 

Get SALT Encoding   

  12  0:00  Probe  
  13  0:12  Probe  
  14  0:17  Pylon  
  14  0:23  Probe  
  15  0:31  Probe  
  16  0:36  Gateway  
  16  0:39  Probe  
  16  0:46  Assimilator  
  17  0:51  Probe  
  18  0:59  Probe  
  19  1:04  Assimilator  
  19  1:07  Probe  
  19  1:17  Probe  
  20  1:22  Cybernetics Core  
  21  1:29  Probe  
  22  1:43  Nexus  
  22  1:51  Pylon  
  22  1:52  Probe  
  23  1:59  Stalker  
  23  2:00  Warp Gate  
  23  2:09  Probe  
  25  2:21  Probe, Stargate  
  26  2:33  Probe  
  27  2:38  Sentry  
  27  2:39  Pylon  
  29  2:45  Probe  
  30  2:54  Probe, Gateway  
  30  2:55  Probe  
  32  3:03  Probe  
  32  3:04  Phoenix  
  34  3:08  Probe  
  36  3:17  Probe  
  36  3:18  Robotics Facility  
  37  3:20  Probe  
  37  3:23  Phoenix  
  37  3:25  Phoenix  
  38  3:29  Probe  
  38  3:32  Probe  
  42  3:41  Probe, Assimilator  
  42  3:44  Probe  
  42  3:45  Assimilator  
  44  3:52  Phoenix  
  44  3:53  Probe  
  47  3:56  Probe  
  47  4:02  Stalker  
  50  4:05  Probe  
  50  4:09  Probe  
  52  4:13  Observer  
  53  4:18  Probe, Pylon  
  54  4:33  Probe x2  
  54  4:35  Robotics Bay  
  56  4:38  Pylon  
  56  4:40  Phoenix  
  56  4:41  Probe x2  
  59  4:50  Probe x2  
  61  5:03  Probe x2  
  63  5:09  Immortal  
  67  5:15  Probe x2  
  67  5:19  Nexus  
  69  5:22  Pylon  
  69  5:27  Probe  
  70  5:32  Forge, Pylon  
  70  5:39  Pylon  
  70  5:40  Probe, Phoenix  
  73  5:43  Probe  
  73  5:46  Protoss Ground Weapons Level 1  
  73  5:48  Observer  
  73  5:49  Colossus  
  74  5:52  Probe  
  74  5:53  Extended Thermal Lance  
  74  5:55  Probe  
  82  5:57  Observer  
  82  6:04  Probe  
  82  6:07  Probe  
  84  6:13  Pylon  
  84  6:14  Twilight Council  
  84  6:17  Probe  
  85  6:19  Probe  
  85  6:22  Observer  
  86  6:28  Nexus  
  86  6:29  Robotics Facility  
  86  6:36  Probe x2  
  88  6:43  Disruptor  
  88  6:45  Probe  
  92  6:48  Probe x2  
  93  6:57  Probe  
  93  7:00  Probe x2  
  95  7:09  Probe  
  95  7:10  Charge  
  95  7:12  Probe x2  
  95  7:15  Gateway x2  
  98  7:16  Pylon  
  98  7:18  Gateway  
  98  7:19  Disruptor x2  
  98  7:21  Probe  
  105  7:22  Gateway  
  105  7:23  Gateway  
  105  7:26  Probe  
  105  7:28  Observer  
  106  7:32  Protoss Ground Armor Level 1  
  106  7:36  Assimilator  
  106  7:37  Assimilator  
  106  7:38  Pylon  
  106  7:39  Templar Archives  
  106  7:41  Photon Cannon  
  106  7:44  Pylon  
  106  7:47  Probe x2  
  106  7:48  Forge  
  106  7:49  Pylon  
  106  7:51  Probe x2  
  110  7:53  Protoss Ground Weapons Level 2  
  110  7:57  Immortal x2  
  109  7:59  Probe x2  
  109  8:03  Oracle  
  114  8:09  Probe  
  114  8:10  Probe  
  114  8:11  Probe  
  123  8:19  High Templar x2, Zealot x3  
  133  8:26  Archon  
  133  8:28  Probe x2  
  133  8:29  Gravitic Drive  
  133  8:32  Assimilator  
  133  8:34  Assimilator  
  135  8:37  Warp Prism  
  137  8:44  Pylon  
  136  8:56  Sentry  
  136  8:57  Nexus  
  136  9:01  High Templar x2  
  142  9:06  Blink  
  142  9:11  Archon  
  142  9:25  Protoss Ground Armor Level 2  
  142  9:27  Zealot x5  
  148  9:32  Gateway  
  148  9:35  Gateway x2  
  148  9:36  Probe x2, Gateway  
  148  9:37  Gateway  
  148  9:38  Gateway x2  
  152  9:40  Gateway  
  152  9:41  High Templar x2  
  152  9:42  Pylon  
  154  9:54  Photon Cannon  
  154  9:57  Colossus, Photon Cannon, Zealot x3  
  154  9:58  Archon, Colossus, Zealot  
  158  10:03  Pylon  
  158  10:04  Pylon  
  170  10:18  Photon Cannon  
  168  10:23  Pylon  
  168  10:24  Pylon  
  168  10:26  Pylon  
  162  10:51  Disruptor x2  
  162  10:54  Zealot x7  
  162  10:55  Zealot x8  
  179  11:25  High Templar x6  
  175  11:26  High Templar x4  
  175  11:27  Immortal  
  175  11:28  Stalker x5  
  175  11:29  Archon  
  175  11:30  Archon x3  
  175  11:31  Archon  
  191  11:42  Assimilator  
  191  11:43  Assimilator  
  162  11:59  Stalker x13  
  193  12:08  Immortal x2  
  193  12:22  Zealot x5  
  169  12:43  Zealot x3  
  169  12:44  Zealot x8  
Show
View Real Time Build Order
Export as new Build Order

HeroMarine Terran 

Build Orders: Reaper Expand, Mech 

Get SALT Encoding   

  12  0:00  SCV  
  13  0:12  SCV  
  14  0:17  Supply Depot  
  14  0:25  SCV  
  15  0:39  SCV  
  15  0:40  Barracks  
  16  0:43  Refinery  
  16  0:51  SCV  
  17  1:03  SCV  
  18  1:15  SCV  
  19  1:28  Reaper, Orbital Command  
  20  1:49  Command Center  
  20  1:54  SCV  
  21  2:00  Marine  
  22  2:06  SCV  
  22  2:07  Supply Depot  
  23  2:14  Factory  
  23  2:21  Bunker  
  23  2:25  Barracks Reactor  
  23  2:29  SCV  
  24  2:30  Refinery  
  24  2:41  SCV  
  25  2:53  SCV  
  28  2:58  Hellion, Starport  
  28  3:01  Marine x2  
  28  3:05  Orbital Command  
  30  3:09  SCV  
  31  3:21  SCV  
  32  3:30  Widow Mine x2  
  32  3:31  SCV  
  32  3:33  SCV  
  38  3:35  Medivac  
  38  3:36  Supply Depot  
  40  3:43  Armory  
  40  3:45  SCV x2  
  42  3:53  Widow Mine x2  
  46  3:58  SCV x2, Supply Depot  
  48  4:10  SCV x2  
  48  4:12  Medivac  
  54  4:22  SCV x2  
  54  4:23  Supply Depot  
  54  4:26  Factory Tech Lab  
  54  4:29  Marine x2  
  56  4:34  SCV x2  
  58  4:40  Bunker  
  61  4:46  SCV x2, Marine x2, Supply Depot  
  65  4:57  Cyclone  
  65  4:58  SCV x2, Command Center  
  65  5:04  Viking, Marine x2  
  67  5:09  Supply Depot  
  67  5:10  Refinery  
  67  5:11  SCV x2, Refinery  
  67  5:22  Marine x2  
  67  5:23  SCV  
  67  5:24  SCV  
  67  5:28  Engineering Bay  
  71  5:29  Cyclone  
  71  5:34  Viking  
  76  5:35  SCV  
  76  5:36  SCV  
  78  5:47  Factory  
  78  5:48  SCV x2  
  78  5:49  Factory  
  80  5:55  Missile Turret  
  80  5:58  Missile Turret  
  80  6:00  SCV x2  
  80  6:01  Siege Tank  
  85  6:12  SCV x2  
  85  6:14  Refinery  
  85  6:17  Terran Vehicle Weapons Level 1, Supply Depot  
  87  6:19  Refinery  
  87  6:22  Supply Depot  
  87  6:24  SCV x2  
  89  6:33  Siege Tank, Factory Tech Lab  
  89  6:34  Orbital Command, Supply Depot  
  89  6:36  SCV x2, Missile Turret  
  96  6:40  Widow Mine  
  96  6:41  Missile Turret, Widow Mine  
  98  6:48  SCV x2  
  98  6:53  Siege Tank  
  101  6:59  SCV  
  101  7:00  SCV x2, Factory  
  102  7:02  Factory  
  102  7:03  Hellion x2  
  104  7:11  SCV  
  104  7:12  SCV x2  
  107  7:16  Infernal Pre-Igniter, Mag-Field Accelerator  
  107  7:17  Siege Tank  
  110  7:24  SCV  
  110  7:25  Supply Depot  
  110  7:26  SCV, Siege Tank  
  110  7:27  SCV, Command Center  
  115  7:36  Hellion x2  
  119  7:37  Missile Turret  
  119  7:39  SCV  
  119  7:40  SCV x2, Armory  
  122  7:46  Factory Reactor, Factory Tech Lab  
  122  7:56  Siege Tank  
  122  7:57  Hellion  
  122  7:58  Hellion, Siege Tank  
  131  7:59  SCV x2  
  131  8:00  SCV  
  132  8:11  Supply Depot  
  132  8:12  Supply Depot  
  132  8:13  Supply Depot x2  
  132  8:14  Siege Tank  
  135  8:24  Drilling Claws  
  141  8:29  Terran Vehicle And Ship Armor Level 1  
  141  8:33  Cyclone x2, Terran Vehicle Weapons Level 2  
  139  8:34  Hellion  
  139  8:35  Hellion x3  
  147  8:41  SCV x2  
  147  8:42  SCV  
  150  8:51  Siege Tank  
  150  8:53  SCV  
  150  8:54  SCV x2, Missile Turret  
  150  8:55  Unknown  
  156  8:57  Hellion x3  
  156  9:00  Hellion  
  164  9:03  Planetary Fortress  
  164  9:05  Siege Tank x2  
  170  9:11  Supply Depot  
  170  9:15  Missile Turret  
  170  9:16  Missile Turret x2, Hellion x2  
  169  9:17  Missile Turret  
  166  9:28  Siege Tank  
  168  9:37  Siege Tank x2  
  174  9:45  Command Center, Sensor Tower  
  174  9:46  Command Center  
  174  9:52  Missile Turret  
  174  9:53  Sensor Tower  
  174  9:54  Hi-Sec Auto Tracking  
  174  9:55  Missile Turret  
  171  10:00  Cyclone  
  174  10:08  Factory  
  174  10:09  Cyclone x2, Factory  
  174  10:10  Factory  
  180  10:19  Widow Mine x4  
  188  10:28  Terran Vehicle And Ship Armor Level 2  
  188  10:32  Cyclone  
  191  10:41  Cyclone  
  194  10:54  Factory Reactor, Factory Tech Lab x2  
  194  10:56  Supply Depot  
  194  10:57  Cyclone  
  197  10:58  Orbital Command  
  197  10:59  Command Center  
  197  11:01  Command Center  
  197  11:04  Cyclone  
  183  11:19  Planetary Fortress  
  183  11:21  Cyclone x2  
  183  11:23  Hellion, Siege Tank  
  183  11:24  Hellion  
  189  11:29  Siege Tank  
  189  11:32  Hellion x2  
  193  11:33  Hellion x2  
  193  11:36  Siege Tank  
  194  11:45  Hellion  
  187  11:53  Cyclone, Hellion, Siege Tank  
  187  11:54  Hellion x2  
  165  11:55  Cyclone  
  165  11:59  Hellion  
  165  12:01  Cyclone  
  155  12:03  Hellion  
  155  12:08  Cyclone, Refinery  
  152  12:10  SCV, Refinery  
  152  12:11  SCV  
  152  12:16  Hellion  
Tags
 
Add a new tag
Caveats
  • Supply blocks, unpowered buildings, or Contaminate may cause inaccurate times.
  • Supply counts are checked every 10 seconds.